[Event "*** Titled Tuesday Blitz"]
[Site "Chess.com"]
[Date "2021.03.30"]
[Round "6"]
[White "WiktoriaPOL"]
[Black "esrosenberg"]
[Result "1-0"]
[WhiteElo "2057"]
[BlackElo "2192"]
[TimeControl "180+1"]
[EndTime "11:06:47 PDT"]
[Termination "WiktoriaPOL won by checkmate"]

1. e4 e5 2. Nf3 Nc6 3. d4 exd4 4. c3 Nf6 5. e5 Ne4 6. cxd4 d5 7.
Bd3 Bg4 8. O-O Be7 9. h3 Bxf3 10.
Qxf3 Nxd4 11. Qg4 O-O 12. Bxe4 dxe4 13. Qxe4 c5 14. Nc3 Re8 15. Be3 Bf6 16. f4 g6 17. Rad1 Bg7 18. Bxd4 cxd4 19. Rxd4 Qb6 20. Na4 Qb5 21. Rb4 Qa5 22. Rxb7 Rab8 23. Nc3 Qc5+ 24.
Kh1 Rxb7 25. Qxb7 h5 26. Rd1 Qe3 27. Qe4 Qf2 28. b3 Rc8 29. Rd3 Qf1+ 30. Kh2 Bh6 31. Rf3 Qc1 32. Nd5 Kg7 33. f5 gxf5 34. Qxf5 Rf8 35. Qf6+ Kh7 36. Ne7 Qc7 37. Rg3 Bf4 38. Qxf4 Qxe7 39. Qf5+ Kh6 40. Qf4+ Kh7 41. Qe4+ Kh6 42.
Qe3+ Kh7 43. Qf3 f5 44. Qxh5# 1-0

[Event "*** Titled Tuesday Blitz"]
[Site "Chess.com"]
[Date "2021.03.30"]
[Round "6"]
[White "Bathory44"]
[Black "SaraciNderim"]
[Result "0-1"]
[WhiteElo "2664"]
[BlackElo "2817"]
[TimeControl "180+1"]
[EndTime "11:06:48 PDT"]
[Termination "SaraciNderim won on time"]

1. e4 e5 2. Nf3 Nc6 3. Bb5 a6 4. Bxc6 dxc6 5. Nc3 f6 6. d4 exd4 7. Nxd4 c5 8. Nde2 Qxd1+ 9. Nxd1 Be6 10. Bf4 O-O-O 11.
Ne3 Ne7 12. f3 h5 13. h4 Nc6 14. Kf2 Nd4 15. Rad1 Be7 16. c3 Nxe2 17. Kxe2 Bxa2 18.
c4 Rd4 19. Rc1 Bb3 20. Rc3 Ba4 21. Nf5 Rd7 22. Nxg7 Bd6 23. Ne6 Rg8 24. Bxd6 Rxg2+ 25. Kf1 Rxb2 26. Bg3 Rd1+ 27. Be1 Rxe1+ 28. Kxe1 Rb1+ 29.
Kf2 Rxh1 30. Nxc5 Be8 31. Ne6 b6 32. Kg3 a5 33. Rd3 Bd7 34. Nf4 Be8 35. Nd5 Bf7 36. Nxf6 Bxc4 37. Rc3 b5 38. Nd5 Bxd5 39. exd5 Kd7 40.
Rc5 Rb1 41. f4 a4 42. Rc2 a3 43. f5 b4 44. f6 b3 45. f7 Rf1 46. Rc3 a2 0-1

[Event "*** Titled Tuesday Blitz"]
[Site "Chess.com"]
[Date "2021.03.30"]
[Round "6"]
[White "anon6121824"]
[Black "swisspower96"]
[Result "1/2-1/2"]
[WhiteElo "2797"]
[BlackElo "2602"]
[TimeControl "180+1"]
[EndTime "11:06:48 PDT"]
[Termination "Game drawn by agreement"]

1. e4 c5 2. Nc3 Nc6 3. g3 g6 4. Bg2 Bg7 5. Nge2 Rb8 6. O-O b5 7. d3 b4 8. Nd5 e6 9. Ne3 Nge7 10.
c3 d5 11. exd5 exd5 12. d4 cxd4 13. Nxd4 Nxd4 14. cxd4 O-O 15. Re1 Be6 16. Ng4 Qb6 17.
Bg5 Nf5 18. Nf6+ Kh8 19. Nxd5 Qxd4 20. Nc7 Qxd1 21. Raxd1 Bxa2 22. g4 Nd4 23. Re4 Ne6 24. Nxe6 Bxe6 25. Be7 Rfe8 26. Bxb4 Bxb2 27. h3 Bg7 28.
Rd6 Kg8 29. Ra6 Rec8 30. Rxa7 Rc4 31. Rxc4 Bxc4 32. Bd6 Rd8 33. Bc7 Re8 34. Bc6 Rc8 35. Bd7 Rf8 36. Kh2 Bd5 37. Ra5 Bb7 38. Rb5 Be4 39.
Rb4 Bd5 40. f4 Ra8 41. Ba4 h6 42. Bb3 Bxb3 43. Rxb3 Rc8 44. Bd6 Rc2+ 1/2-1/2

[Event "*** Titled Tuesday Blitz"]
[Site "Chess.com"]
[Date "2021.03.30"]
[Round "6"]
[White "bazar-wokzal"]
[Black "ChronicUnhappiness"]
[Result "1-0"]
[WhiteElo "2569"]
[BlackElo "2341"]
[TimeControl "180+1"]
[EndTime "11:06:51 PDT"]
[Termination "bazar-wokzal won on time"]

1. e4 c5 2. c3 d5 3. exd5 Qxd5 4. d4 Nf6 5. Nf3 e6 6. a3 cxd4 7. cxd4 Be7 8. Nc3 Qd8 9. Bd3 b6 10. O-O Bb7 11. Ne5 O-O 12. Bg5 Nbd7 13. Qe2 Nxe5 14. dxe5 Nd5 15. Qe4 g6 16. Bh6 Nxc3 17.
Qxb7 Qxd3 18. Qxe7 Nd5 19. Qg5 Rfc8 20. Rad1 Qf5 21. Qxf5 gxf5 22. Rd3 f4 23. Rh3 Rc2 24. g3 f3 25. Rh4 f5 26. exf6 Rac8 27. Rg4+ Kf7 28.
Rg7+ Kxf6 29. b4 R8c7 30. Rg8 Re2 31. h4 Rcc2 32. h5 Nc3 33. Rf8+ Ke5 34. Rxf3 Ne4 35. Bg7+ Kd5 36. Rd1+ Kc4 37. Bd4 Red2 38. Rxd2 Nxd2 39. Rf4 Kd3 40. Be5 Ne4 41. Kg2 Nd2 42. Bb8 a6 43. Ba7 Nc4 44. h6 1-0

[Event "*** Titled Tuesday Blitz"]
[Site "Chess.com"]
[Date "2021.03.30"]
[Round "6"]
[White "scarabee43"]
[Black "bolence16"]
[Result "1/2-1/2"]
[WhiteElo "2568"]
[BlackElo "2436"]
[TimeControl "180+1"]
[EndTime "11:06:52 PDT"]
[Termination "Game drawn by repetition"]

1. d4 d5 2. Nf3 Nf6 3. c4 e6 4.
Nc3 Nbd7 5. Bg5 c6 6. e3 Qa5 7. cxd5 exd5 8. Bd3 Ne4 9. Qc2 Nxg5 10. Nxg5 Nf6 11.
O-O h6 12. Nf3 Bd6 13. e4 dxe4 14. Nxe4 Nxe4 15. Bxe4 O-O 16. Rfe1 Qh5 17. Ne5 Be6 18. Re3 f5 19. Bf3 Qh4 20. Rd1 f4 21. Ng6 Qf6 22. Rxe6 Qxe6 23. d5 Qf5 24. Be4 Qf6 25. Nxf8 Bxf8 26. Qb3 Qf7 27. Qf3 Kh8 28. dxc6 bxc6 29.
Bxc6 Rb8 30. b3 Qf6 31. Be4 Bc5 32. Bb1 Rd8 33. h3 Rxd1+ 34. Qxd1 Qd4 35. Qc2 Kg8 36. Kf1 Kf7 37. a4 a5 38. b4 axb4 39. Ba2+ Ke7 40. a5 Qa1+ 41. Ke2 Qd4 42. Kf3 g5 43. a6 Kd6 44. Qg6+ Kc7 45. Qc2 Qc3+ 46. Qxc3 bxc3 47. Bb1 Kb6 48. Kg4 Kxa6 49. Kh5 Bf8 50. h4 gxh4 51. Kxh4 Be7+ 52. Kg4 Bg5 53. Kf3 Kb5 54. Bc2 Kb4 55. Ke4 Ka3 56. Kd3 Kb2 57. Bd1 Bf6 58. Ba4 Kc1 59. f3 Bg7 60. Bc2 Kb2 61. Ba4 Kc1 62.
Bc2 Kb2 63. Ba4 Kc1 1/2-1/2

[Event "*** Titled Tuesday Blitz"]
[Site "Chess.com"]
[Date "2021.03.30"]
[Round "6"]
[White "vugarrasulov"]
[Black "DanielNaroditsky"]
[Result "0-1"]
[WhiteElo "2871"]
[BlackElo "3047"]
[TimeControl "180+1"]
[EndTime "11:06:53 PDT"]
[Termination "DanielNaroditsky won by resignation"]

1. Nf3 Nf6 2. d4 g6 3. c4 Bg7 4.
g3 O-O 5. Bg2 d6 6. O-O Nbd7 7.
b3 e5 8. dxe5 dxe5 9. Bb2 e4 10.
Ne1 e3 11. f3 Re8 12. Nc2 c6 13. Bd4 Nh5 14. Nc3 Ne5 15. Rc1 Bf5 16. Ne4 Bxe4 17. fxe4 Ng4 18. Bxg7 Kxg7 19. Bf3 Nhf6 20. h3 Nf2 21.
Qxd8 Raxd8 22. Nxe3 Nxh3+ 23. Kg2 Ng5 24. c5 Ngxe4 25.
Nc4 Nd2 26. Rfe1 Nxc4 27. Rxc4 Rd2 28. Ra4 a6 29. Rb4 Re7 30. a4 h5 31. Kf2 Rc2 32.
Rd1 Rxc5 33. Rd8 a5 34. Rb6 Rc2 35. Rb8 Ne4+ 36. Kg2 Nc5 37. b4 axb4 38. Rxb4 Ra2 39. Rc4 Nd3 40. Kh3 Ne1 41. Re4 Rxe4 42. Bxe4 Rxe2 43. Bh1 g5 44. g4 Re3+ 45. Kh2 hxg4 46. Rxb7 g3+ 47. Kg1 Nd3 48. Bxc6 Nf4 49. Rb1 Ra3 50. Bb5 Ra2 51. Bc6 f5 52. Kf1 Rf2+ 53. Ke1 Nd3+ 54. Kd1 g2 55. Rb7+ Kf6 56. Bxg2 Rxg2 57.
a5 Ra2 58. a6 Rxa6 59. Kd2 Ne5 0-1

[Event "*** Titled Tuesday Blitz"]
[Site "Chess.com"]
[Date "2021.03.30"]
[Round "6"]
[White "comsac"]
[Black "frenchpin"]
[Result "0-1"]
[WhiteElo "2382"]
[BlackElo "2526"]
[TimeControl "180+1"]
[EndTime "11:06:54 PDT"]
[Termination "frenchpin won on time"]

1. e4 e6 2. d4 d5 3. exd5 exd5 4. Nf3 Nc6 5. Bd3 Bg4 6. c3 Bd6 7. O-O Nge7 8. Nbd2 Qd7 9. a4 f6 10. a5 a6 11. Re1 Bf5 12. Be2 O-O 13. Nf1 Ng6 14.
Ng3 Be6 15. Qc2 Rfe8 16. Bd3 Bf7 17. Rxe8+ Rxe8 18. b4 Nce7 19. Bd2 h6 20. Nf5 Nf4 21. Bxf4 Bxf4 22. Re1 Nxf5 23. Rxe8+ Qxe8 24. Bxf5 Bh5 25. g4 Bf7 26. Kg2 g6 27. Bd3 Kg7 28. h3 c6 29.
Kf1 Bc7 30. Kg2 Qe7 31. h4 Qd6 32. Qe2 Qf4 33. g5 Qg4+ 34. Kf1 hxg5 35. hxg5 fxg5 36. Qe3 Bf4 37. Qe2 Qh3+ 38. Kg1 Be6 39. Bc2 g4 40. Qd3 Bf5 41. Qe2 gxf3 42. Qe7+ Kh6 43. Qf8+ Kg5 44. Qe7+ Kg4 45. Bxf5+ gxf5 46. Qg7+ Bg5 0-1

[Event "*** Titled Tuesday Blitz"]
[Site "Chess.com"]
[Date "2021.03.30"]
[Round "6"]
[White "suneebaker"]
[Black "gvanna"]
[Result "1-0"]
[WhiteElo "2151"]
[BlackElo "2363"]
[TimeControl "180+1"]
[EndTime "11:06:55 PDT"]
[Termination "suneebaker won by resignation"]

1. Nf3 c5 2. c4 Nc6 3. g3 g6 4. Bg2 Bg7 5. O-O Nf6 6. Nc3 O-O 7.
d4 cxd4 8. Nxd4 a6 9. Nxc6 bxc6 10. b3 Qc7 11. Bb2 d6 12. Rc1 Bf5 13. Qd2 a5 14. e4 Bg4 15. h3 Bd7 16. Rfd1 Rfd8 17. Qe3 Qc8 18. Na4 Ra6 19. Kh2 Qc7 20. c5 d5 21. Nb6 Be6 22. exd5 Nxd5 23. Nxd5 cxd5 24. Bxg7 Kxg7 25. Qd4+ Kg8 26. f4 Rc6 27. a3 Ra6 28. Rd2 h5 29. h4 Qb8 30. Bf1 Rc6 31. b4 axb4 32. axb4 Bf5 33. b5 Re6 34. c6 Rc8 35. Qxd5 Rd6 36. Qg2 e5 37. fxe5 Rxd2 38.
Qxd2 Qxe5 39. b6 Re8 40. b7 Qc7 41. Qf4 Qb6 42. Bg2 Qb2 43. c7 Be4 44. Qxe4 Rxe4 45. c8=Q+ Kg7 46. Qc3+ Qxc3 47. Rxc3 Rb4 48. Rc8 Rxb7 49.
Bxb7 1-0

[Event "*** Titled Tuesday Blitz"]
[Site "Chess.com"]
[Date "2021.03.30"]
[Round "6"]
[White "monikarozman"]
[Black "Larciano"]
[Result "0-1"]
[WhiteElo "2222"]
[BlackElo "1888"]
[TimeControl "180+1"]
[EndTime "11:06:55 PDT"]
[Termination "Larciano won on time"]

1. d4 d5 2. c4 Nc6 3. Nc3 dxc4 4.
Nf3 Bg4 5. e3 e6 6. Bxc4 Nf6 7.
O-O Bb4 8. a3 Ba5 9. b4 Bb6 10.
Bb2 O-O 11. Be2 Re8 12. b5 Ne7 13. Ne5 Bxe2 14. Nxe2 a6 15. bxa6 Rxa6 16. Qc2 Ned5 17. Rfc1 Qe7 18. Nc3 h6 19. Na4 Ba5 20. Nc5 Ra7 21. e4 Nf4 22. g3 Nh3+ 23. Kg2 Ng5 24. f4 Ngh7 25. g4 Rd8 26. h4 Nxg4 27. Nxg4 Qxh4 28.
Qe2 Bb6 29. Rh1 Qe7 30. Rag1 Bxc5 31. dxc5 Qxc5 32. Nxh6+ Kf8 33. Bxg7+ Kxg7 34. Qg4+ Kf8 35. Qg8+ Ke7 36. Qxf7+ Kd6 37. e5+ Kd5 38. Rd1+ Kc6 39. Qxe6+ Kb5 40. a4+ Rxa4 41. Rb1+ Ka5 42. Rhc1 Rd2+ 43.
Kh3 Qa3+ 44. Qb3 Rd3+ 45. Qxd3 Qxd3+ 46. Kg4 Qg6+ 47. Kf3 Ra3+ 48. Ke2 Qxh6 49. Rc5+ Ka6 0-1

[Event "*** Titled Tuesday Blitz"]
[Site "Chess.com"]
[Date "2021.03.30"]
[Round "6"]
[White "As0nchess"]
[Black "AradNazari"]
[Result "0-1"]
[WhiteElo "2616"]
[BlackElo "2509"]
[TimeControl "180+1"]
[EndTime "11:06:56 PDT"]
[Termination "AradNazari won by resignation"]

1. e4 e5 2. Nf3 Nc6 3. d4 exd4 4. Nxd4 Nf6 5. Nxc6 bxc6 6. e5 Qe7 7. Qe2 Nd5 8. h4 f6 9. c4 Nb4 10. a3 Na6 11. exf6 gxf6 12. Nc3 Qxe2+ 13. Bxe2 Nc5 14. Be3 Nb3 15. Rd1 a5 16. Bh5+ Kd8 17. O-O Bc5 18. Bg4 d6 19. Bf3 Bd7 20. Ne4 Bxe3 21. fxe3 Rf8 22.
Rd3 Rb8 23. Bd1 Re8 24. Nxf6 Nc5 25. Rc3 Re7 26. b3 Be6 27. g4 Rg7 28. Kh2 Ke7 29. e4 h6 30. Rf4 Rf8 31. Rcf3 Rgf7 32. g5 hxg5 33. hxg5 Rh8+ 34. Kg3 Rg7 35. b4 axb4 36. axb4 Rxg5+ 37. Kf2 Rh2+ 38. Ke3 Na6 39. b5 cxb5 40. cxb5 Rxb5 41. Rg3 Re5 42. Rg7+ Kd8 43. Be2 Nc5 44. Bb5 Rh3+ 45. Kd2 Nb3+ 46. Ke1 Rxb5 47. Nd5 Rh1+ 48. Kf2 Rh8 49. Nc3 Re5 50. Ke3 Nc5 51.
Kd4 Bd7 52. Nd5 Ne6+ 0-1

[Event "*** Titled Tuesday Blitz"]
[Site "Chess.com"]
[Date "2021.03.30"]
[Round "6"]
[White "BrandonJacobson"]
[Black "swimmerchess"]
[Result "1-0"]
[WhiteElo "2979"]
[BlackElo "2828"]
[TimeControl "180+1"]
[EndTime "11:06:57 PDT"]
[Termination "BrandonJacobson won by resignation"]

1. d4 Nf6 2. c4 g6 3. Nc3 Bg7 4. e4 O-O 5. Be2 d6 6. h4 e5 7. d5 Na6 8. h5 Nc5 9. h6 Bh8 10.
Bg5 a5 11. f3 Bd7 12. Qd2 Qb8 13. Nh3 c6 14. Nf2 cxd5 15. exd5 Qc7 16. O-O-O a4 17.
Kb1 Bf5+ 18. Kc1 b5 19. Nxb5 Qb6 20. g4 Bd7 21. Kb1 a3 22. b4 Na4 23. Be3 Qb8 24. Qc2 Bxb5 25. cxb5 Rc8 26. Bc4 e4 27. Bd4 exf3 28.
Qb3 Nd7 29. Bxh8 Kxh8 30. Ne4 Ne5 31. Rc1 Qb6 32. Rhd1 Rc7 33. Bf1 Rxc1+ 34. Rxc1 Qd4 35. Nc3 Nb6 36. Rd1 Qf2 37. Qc2 Qe3 38. Qd2 Qg1 39. Bd3 Qxg4 40. Bc2 Qxb4+ 41. Bb3 Rc8 42. Rc1 Kg8 43. Qg5 Qd4 44. Qf6 Qd3+ 45. Ka1 Kf8 46. Qxd6+ Kg8 47. Qxe5 Kf8 48. d6 1-0

[Event "*** Titled Tuesday Blitz"]
[Site "Chess.com"]
[Date "2021.03.30"]
[Round "6"]
[White "jefferyx"]
[Black "vinniethepooh"]
[Result "1/2-1/2"]
[WhiteElo "2965"]
[BlackElo "2670"]
[TimeControl "180+1"]
[EndTime "11:06:57 PDT"]
[Termination "Game drawn by repetition"]

1. e4 c5 2. Nc3 d6 3. d4 cxd4 4.
Qxd4 Nc6 5. Qd2 g6 6. b3 Bg7 7.
Bb2 Nf6 8. O-O-O O-O 9. h4 h5 10. f3 Qa5 11. Kb1 e5 12. Nge2 Be6 13. Nb5 Qxd2 14. Rxd2 d5 15. Nc7 Rad8 16. Nxe6 fxe6 17. Ng3 Bh6 18. Rd1 dxe4 19. Bc4 exf3 20. Bxe6+ Kg7 21. gxf3 Nd4 22. Bc4 Nxf3 23. Bd3 Ng4 24. Ne4 Be3 25. Rh3 Bd4 26. Bc1 Be3 27. Ba3 Rf4 28. Rf1 Nd2+ 29. Nxd2 Bxd2 30. Rg1 Bc3 31. Be7 Rd7 32. Bg5 Rf8 33.
Bb5 Rc7 34. Be2 Bd4 35. Rg2 Rcf7 36. c3 Bb6 37. Bxg4 Rf1+ 38. Bc1 hxg4 39. Rxg4 Re1 40. h5 Rff1 41. hxg6 Rxc1+ 42. Kb2 Rb1+ 43. Ka3 Rh1 44. Rf3 Rbf1 45. Rd3 Rd1 46. Rf3 Rdf1 47. Rd3 Rf6 48. Rd7+ Kg8 49. Rxb7 Rh6 50. Rb8+ Kg7 51. Rb7+ Kg8 52.
Rb8+ Rf8 53. Rb7 Rf6 1/2-1/2

[Event "*** Titled Tuesday Blitz"]
[Site "Chess.com"]
[Date "2021.03.30"]
[Round "6"]
[White "GregShahade"]
[Black "Mr_Sinigami"]
[Result "0-1"]
[WhiteElo "2698"]
[BlackElo "2552"]
[TimeControl "180+1"]
[EndTime "11:06:57 PDT"]
[Termination "Mr_Sinigami won by checkmate"]

1. e4 d5 2. exd5 Nf6 3. d4 Nxd5 4.
Nf3 g6 5. c4 Nb6 6. Nc3 Bg7 7.
h3 O-O 8. Be3 c5 9. dxc5 Bxc3+ 10.
bxc3 Qxd1+ 11. Rxd1 Na4 12. g3 Nxc3 13. Rd3 Nxa2 14.
Bd2 Nc6 15. Bg2 Nab4 16. Rb3 a5 17. O-O Rd8 18. Ra1 Be6 19. Bxb4 axb4 20. Rxa8 Rxa8 21. Nd2 Ra2 22. Rd3 Bf5 23. Ne4 Ra1+ 24. Kh2 Rc1 25. g4 Bxe4 26. Bxe4 Rxc4 27. Bg2 Rxc5 28. Rd7 Rb5 29.
Rd2 b3 30. Rb2 Na5 31. Bf1 Rb4 32. Kg3 b5 33. Bd3 Nc4 34. Re2 b2 35. Bb1 Na3 36. Bd3 Rb3 37. Rxe7 Rxd3+ 38. Kh4 b1=Q 39. Kg5 Qc1+ 40. f4 Rd5+ 41. Kh4 Qc5 42. Re8+ Kg7 43. Re2 Qc3 44. g5 Rd3 45. Rh2 Rg3 46. f5 Qf3 47.
f6+ Kg8 48. Rh1 Qf4# 0-1

[Event "*** Titled Tuesday Blitz"]
[Site "Chess.com"]
[Date "2021.03.30"]
[Round "6"]
[White "prachiti01"]
[Black "Julianos82"]
[Result "1-0"]
[WhiteElo "2047"]
[BlackElo "2369"]
[TimeControl "180+1"]
[EndTime "11:06:57 PDT"]
[Termination "prachiti01 won on time"]

1. Nf3 f5 2. g3 Nf6 3. Bg2 e6 4. O-O Be7 5. d3 d5 6. Nbd2 d4 7. c4 O-O 8. a3 c5 9. Rb1 Nc6 10. Re1 e5 11. e3 dxe3 12. Rxe3 Ng4 13. Re1 Qxd3 14. h3 Nf6 15. Nxe5 Nxe5 16. Rxe5 Bd6 17. Re3 Qd4 18. Qc2 Bc7 19. Nf3 Qd8 20. Rd3 Qe7 21.
Bg5 h6 22. Re1 Qf7 23. Bf4 Bxf4 24. gxf4 Ne4 25. Ne5 Qh5 26. Rde3 Be6 27. b3 Rad8 28. Nd3 b6 29. f3 Rd4 30. fxe4 fxe4 31. Rxe4 Bxh3 32. Rxd4 cxd4 33. Qe2 Bg4 34. Qf2 Rd8 35.
Re5 Qf7 36. Bd5 Rxd5 37. cxd5 Qg6 38. Ne1 Bf3+ 39. Ng2 Qg4 40. d6 d3 41. Re3 Be2 42. Rxe2 dxe2 43. Qe3 Qd7 44. Qd2 1-0

[Event "*** Titled Tuesday Blitz"]
[Site "Chess.com"]
[Date "2021.03.30"]
[Round "6"]
[White "zala02"]
[Black "akanga001"]
[Result "1-0"]
[WhiteElo "2142"]
[BlackElo "1998"]
[TimeControl "180+1"]
[EndTime "11:06:57 PDT"]
[Termination "zala02 won on time"]

1. e4 c6 2. d4 d5 3. Nc3 dxe4 4. Nxe4 Nf6 5. Nxf6+ gxf6 6. Nf3 Bg4 7. c3 e6 8. g3 Qd5 9. Bg2 Qc4 10. Qe2 Qxe2+ 11. Kxe2 Nd7 12. Re1 O-O-O 13. Kf1 h5 14. Bf4 Bh6 15.
Bxh6 Rxh6 16. a4 Nb6 17. a5 Nc4 18. b3 Bxf3 19. Bxf3 Nd2+ 20. Kg2 Nxf3 21. Kxf3 h4 22. a6 b6 23. Re4 hxg3 24. hxg3 f5 25. Ree1 Rdh8 26.
Kf4 Kd7 27. Ke5 f6+ 28. Kf4 Kd6 29. Re2 Rg8 30. Rae1 Rg4+ 31. Kf3 e5 32. dxe5+ fxe5 33. Rxe5 Rf6 34. R5e3 b5 35. Re7 Kc5 36. Rxa7 Kb6 37. Ra8 Rg7 38. Ra1 Rd7 39. Rb8+ Ka7 40. Re8 Rd3+ 41.
Re3 Rfd6 42. Kf4 c5 43. Kxf5 Rxe3 44. fxe3 Rd3 45. g4 Rxe3 46. g5 Rxc3 47. g6 Rxb3 48. Rg1 Rf3+ 49. Ke6 Rf8 50. g7 Rg8 51. Rg6 Rxg7 52.
Rxg7+ Kxa6 53. Kd5 c4 54. Kc5 c3 55. Kb4 c2 56. Rg1 Kb6 57. Rc1 1-0

[Event "*** Titled Tuesday Blitz"]
[Site "Chess.com"]
[Date "2021.03.30"]
[Round "6"]
[White "gilbert_gm"]
[Black "Fy_Rakotomaharo"]
[Result "1-0"]
[WhiteElo "2576"]
[BlackElo "2704"]
[TimeControl "180+1"]
[EndTime "11:06:58 PDT"]
[Termination "gilbert_gm won by resignation"]

1. d4 Nf6 2. Nf3 g6 3. g3 Bg7 4. Bg2 d5 5. O-O O-O 6. c4 c6 7. Nc3 dxc4 8. Qc2 Na6 9. a3 Nc7 10. e4 Bg4 11. Be3 Nd7 12. Rad1 e5 13. dxe5 Qe8 14.
h3 Bxf3 15. Bxf3 Nxe5 16. Be2 Qe6 17. Kg2 f5 18. f4 Nd3 19. Bxd3 cxd3 20. Qxd3 fxe4 21.
Qxe4 Qxe4+ 22. Nxe4 Rfe8 23. Kf3 Bxb2 24. Rb1 Bg7 25.
Rxb7 Nd5 26. Bxa7 Re6 27. Rb8+ Rxb8 28. Bxb8 Re8 29. Bd6 Ra8 30. Rc1 Ra6 31. Rb1 Rb6 32. Rxb6 Nxb6 33. Bc5 Na4 34. Bb4 Kf7 35. Nc5 Nb6 36.
a4 Nd5 37. Bd2 Bd4 38. Nd3 c5 39. a5 c4 40. Ke4 c3 41. Bc1 Be3 42. Bxe3 Nf6+ 43.
Kf3 Nh5 44. Bd4 Ke6 45. g4 Kd5 46. Bxc3 Kc4 47. gxh5 Kxd3 48. hxg6 Kxc3 1-0

[Event "*** Titled Tuesday Blitz"]
[Site "Chess.com"]
[Date "2021.03.30"]
[Round "6"]
[White "SilviusTiberius"]
[Black "ViktoriyaTarasova"]
[Result "1-0"]
[WhiteElo "2569"]
[BlackElo "2413"]
[TimeControl "180+1"]
[EndTime "11:06:58 PDT"]
[Termination "SilviusTiberius won on time"]

1. e4 e5 2. Nf3 Nc6 3. Bb5 Nf6 4. O-O Nxe4 5. Re1 Nd6 6. Nxe5 Be7 7. Bf1 Nxe5 8. Rxe5 O-O 9. Nc3 Ne8 10. Nd5 Bd6 11. Re1 c6 12. Ne3 Bc7 13. Nf5 d5 14.
Ne7+ Kh8 15. Nxc8 Rxc8 16. Qf3 Nf6 17. d3 h6 18. g3 Nh7 19. h4 Qf6 20. Qxf6 Nxf6 21. Re7 Ng8 22. Re2 Rfe8 23. Be3 Bb6 24. Rae1 Bxe3 25. Rxe3 Rxe3 26. Rxe3 g6 27. Bh3 Rd8 28. d4 Kg7 29. Rb3 Rb8 30. Ra3 Ra8 31. Rb3 Rb8 32. a4 Nf6 33. f3 Kf8 34. a5 Ke7 35. Kf2 Kd6 36. Bf1 Kc7 37. g4 Re8 38. c4 Rd8 39. Re3 dxc4 40. Bxc4 Rxd4 41. Bxf7 g5 42. hxg5 hxg5 43. Re5 Rd2+ 44. Ke3 Rxb2 45. Rxg5 Rb1 46. Rg7 Kd6 47. g5 Nd5+ 48. Bxd5 Kxd5 49. Rf7 c5 50. g6 Rg1 51. g7 b6 52. a6 c4 53. Rxa7 b5 54. Rf7 c3 55. a7 c2 56.
a8=Q+ Kc4 57. Qa2+ Kc3 58. Rc7+ Kb4 59. Qxc2 Re1+ 60. Kf2 1-0

[Event "*** Titled Tuesday Blitz"]
[Site "Chess.com"]
[Date "2021.03.30"]
[Round "6"]
[White "exoticprincess"]
[Black "MarcoRiehle"]
[Result "0-1"]
[WhiteElo "2846"]
[BlackElo "2705"]
[TimeControl "180+1"]
[EndTime "11:06:59 PDT"]
[Termination "MarcoRiehle won on time"]

1. e4 e5 2. Nf3 Nf6 3. d3 Nc6 4.
c3 Bc5 5. Be2 d6 6. b4 Bb6 7. a4 a5 8. b5 Ne7 9. O-O O-O 10. Nbd2 Be6 11. h3 h6 12. Re1 Ng6 13.
Bf1 d5 14. Ba3 Re8 15. c4 dxe4 16. dxe4 Bd4 17. Nxd4 Qxd4 18. Qc2 Rad8 19. Nb3 Qa7 20. c5 b6 21. Rac1 Nf4 22. Nd2 Qb8 23. Nc4 Bxc4 24. Bxc4 Rd4 25. cxb6 cxb6 26. Bb2 Rd7 27. Bf1 Kh7 28. Red1 Red8 29. Rxd7 Rxd7 30. f3 Qd6 31. Qf2 Rc7 32. Kh2 Rxc1 33. Bxc1 Ng6 34. Be3 Nd7 35. Bc4 f6 36. h4 Ne7 37. h5 Nc5 38. Bxc5 bxc5 39. Qg3 Qd4 40. Bf7 Qxa4 41. Be8 Qb4 42. Qg4 f5 43. exf5 Qxg4 44. fxg4 Nc8 45. Kg3 a4 46. Bd7 a3 47. Be6 Nb6 48. Ba2 c4 49. Bb1 c3 50. f6+ Kg8 51. Ba2+ Kf8 0-1

[Event "*** Titled Tuesday Blitz"]
[Site "Chess.com"]
[Date "2021.03.30"]
[Round "6"]
[White "Limelight2727"]
[Black "PotapovaM"]
[Result "0-1"]
[WhiteElo "2353"]
[BlackElo "2497"]
[TimeControl "180+1"]
[EndTime "11:07:00 PDT"]
[Termination "PotapovaM won on time"]

1. d4 Nf6 2. c4 e6 3. Nc3 Bb4 4.
Qc2 O-O 5. f3 c5 6. a3 Bxc3+ 7.
Qxc3 cxd4 8. Qxd4 Nc6 9. Qd1 d5 10. e3 d4 11. e4 Nxe4 12. fxe4 Qh4+ 13. Kd2 Qxe4 14. Nf3 e5 15. Bd3 Qg4 16. Ne1 Qe6 17. Qf3 f5 18. Qd5 e4 19. b4 Ne5 20. Bb2 exd3 21. Qxe6+ Bxe6 22. Bxd4 Nxc4+ 23. Kxd3 Rfd8 24. Nf3 Bd5 25. Rac1 b5 26. Rhe1 Be4+ 27. Kc3 Nxa3 28. Kb3 Nc4 29. Bc3 Bd5 30. Kc2 Rac8 31. Rcd1 Be4+ 32.
Kb3 Rf8 33. Nd4 a6 34. Ne6 Rf7 35. Nc5 a5 36. Nxe4 a4+ 37. Ka2 fxe4 38. Rxe4 Rf2+ 39.
Ka1 Rxg2 40. Red4 h6 41. Rd8+ Rxd8 42. Rxd8+ Kh7 43. Rd7 h5 44. Rb7 Rg5 45. Bd4 h4 46. Bc5 Rg1+ 47. Ka2 Rg2+ 48. Ka1 Rxh2 49. Rxb5 h3 50.
Bd4 g6 51. Rb7+ Kh6 0-1

[Event "*** Titled Tuesday Blitz"]
[Site "Chess.com"]
[Date "2021.03.30"]
[Round "6"]
[White "ehrenfeld"]
[Black "Redzishchess"]
[Result "1-0"]
[WhiteElo "2511"]
[BlackElo "2365"]
[TimeControl "180+1"]
[EndTime "11:07:00 PDT"]
[Termination "ehrenfeld won by resignation"]

1. e4 c5 2. Nf3 e6 3. d3 Nc6 4. g3 g6 5. Bg2 Bg7 6. O-O Nge7 7.
c3 O-O 8. d4 cxd4 9. cxd4 d5 10. e5 Bd7 11. Nc3 f6 12. exf6 Bxf6 13. Bh6 Re8 14.
Bf4 Nf5 15. Nb5 g5 16. Bc7 Qc8 17. g4 Nfxd4 18. Nbxd4 Qxc7 19. Rc1 Qf4 20. Nxc6 Bxc6 21. h3 e5 22. Re1 Rad8 23. Qb3 e4 24. Nh2 Bd4 25. Rc2 a5 26. Nf1 a4 27. Qb4 Ba7 28. Rce2 Rf8 29. Ne3 Bb8 30. Nf5 Rxf5 31. gxf5 Rf8 32. f6 Rxf6 33. Qe7 Rf7 34. Qd8+ Rf8 35. Qe7 Bd6 36. Qe6+ Rf7 37. Kf1 Bb5 38. Qc8+ Kg7 39. Kg1 Qh2+ 40. Kf1 Rxf2+ 41. Kxf2 Bg3+ 42. Ke3 Bf4+ 43. Kd4 Be5+ 44. Kc5 Bd6+ 45. Kb6 Bxe2 46. Rxe2 Qg1+ 47.
Kxb7 Qc1 48. Qxc1 1-0

[Event "*** Titled Tuesday Blitz"]
[Site "Chess.com"]
[Date "2021.03.30"]
[Round "6"]
[White "anon481216"]
[Black "c_r_e_e_p_e_r"]
[Result "1-0"]
[WhiteElo "2515"]
[BlackElo "2372"]
[TimeControl "180+1"]
[EndTime "11:07:01 PDT"]
[Termination "anon481216 won by checkmate"]

1. d4 d5 2. c4 Nc6 3. Nc3 Nf6 4.
Nf3 dxc4 5. Bg5 Bg4 6. d5 Bxf3 7. exf3 Ne5 8. Qd4 Nfd7 9. Bxc4 h6 10. Bf4 Nxc4 11. Qxc4 Nb6 12. Qxc7 Qxc7 13. Bxc7 Nc4 14. b3 Rc8 15. Bg3 Nb6 16. Nb5 Nxd5 17. Nxa7 Rc2 18. O-O e6 19. Rfc1 Rxc1+ 20. Rxc1 Kd7 21. Nb5 Be7 22.
a4 g5 23. Be5 f6 24. Bd4 e5 25.
Bb2 Ke6 26. g3 Nb4 27. Rc7 Rd8 28. Rxe7+ Kxe7 29. Ba3 Rd3 30. Bxb4+ Ke6 31. Bc3 Rd1+ 32. Kg2 Rb1 33. b4 Kd5 34. Bd2 Ra1 35. a5 Kc4 36.
Nd6+ Kd3 37. Be3 Ra4 38. Bc5 f5 39. Nxb7 e4 40. fxe4 fxe4 41. b5 Rc4 42. Be3 Ke2 43. a6 Ra4 44. a7 h5 45. h3 g4 46. hxg4 hxg4 47. b6 Ra6 48. Nd6 Ra1 49. b7 Ke1 50. b8=Q Rd1 51. Qb4+ Ke2 52. Qc4+ Ke1 53. Qc3+ Ke2 54.
Qc2+ Ke1 55. Qxd1+ Kxd1 56. a8=Q Ke2 57. Qxe4 Kd1 58. Qb1+ Ke2 59. Qc2+ Ke1 60. Qd2# 1-0

[Event "*** Titled Tuesday Blitz"]
[Site "Chess.com"]
[Date "2021.03.30"]
[Round "6"]
[White "malakismayil"]
[Black "Vandros57"]
[Result "1-0"]
[WhiteElo "2318"]
[BlackElo "2193"]
[TimeControl "180+1"]
[EndTime "11:07:02 PDT"]
[Termination "malakismayil won on time"]

1. e4 c5 2. Nf3 g6 3. d4 cxd4 4. Nxd4 Nc6 5. Nc3 Bg7 6. Nxc6 bxc6 7. Bc4 d6 8. O-O Nf6 9. h3 O-O 10. Bg5 h6 11. Bh4 Rb8 12. Bb3 Bb7 13. Re1 c5 14. Qd2 Qc7 15. Bc4 Bc6 16. b3 Qa5 17. Rad1 Rfe8 18.
Bxf6 Bxf6 19. Nd5 Qxd2 20. Nxf6+ exf6 21. Rxd2 Rxe4 22. Rxe4 Bxe4 23. Rxd6 Bxc2 24. Rxf6 Rb7 25. Rc6 a5 26. Rxc5 a4 27. Bxf7+ Kxf7 28. Rxc2 axb3 29. Rb2 Rc7 30. axb3 Rc1+ 31. Kh2 Ke6 32. b4 Kd6 33. b5 Kc7 34. b6+ Kb7 35. Kg3 Rc4 36. f4 h5 37. Rb5 Rc3+ 38. Kh4 Rc2 39. g3 Rc6 40. Kg5 Rc3 41. Kxg6 Rxg3+ 42. Kxh5 Rxh3+ 43. Kg5 Rh7 44. Kg6 Rh8 45. f5 Rg8+ 46. Kf7 Rc8 47. f6 Rc6 48. Kg7 Rc1 49. Rg5 1-0